cohdb
Replays
Latest Replays
All Replays
Popular Replays
Top Player Replays
Match Explorer
How It Works
Community
CoH3 Stats
Reddit
Sign in to upload your games and track your stats! →
Sign in with Steam
Match 46564965
Unlisted
Match 46564965
Overview
Messages
Build Orders
End
Engineer Squad
Construct Weapon Support Center
M1919 Machine Gun Team
Selects Heavy Weapons
M1919 Machine Gun Team
Construct Medical Station
Selects M2HB .50cal Heavy Machine Gun
Bazooka Squad
Construct Barracks
M1 Mortar Team
Riflemen Squad
Air Support Center
MrWolf
Parmenides
vitofan
BLACKT
Lazurite
MrSnooze
0
0
Comments
sign in to comment!
No comments posted yet!